 Dungeon Crawl Stone Soup version 0.17.1-3-g152610e (webtiles) character file.

1831 jacquesderrida the Summoner (level 8, -5/52 HPs)
             Began as a Demonspawn Summoner on Mar 18, 2016.
             Was a Follower of Ashenzari.
             Slain by a wyvern (8 damage)
             ... on level 9 of the Dungeon on Mar 21, 2016.
             The game lasted 00:25:42 (3540 turns).

jacquesderrida the Summoner (Demonspawn Summoner)   Turns: 3540, Time: 00:25:44

Health: -5/52      AC: 16    Str:  8    XL:     8   Next: 86%
Magic:  2/14       EV: 17    Int: 19    God:    Ashenzari [*.....]
Gold:   181        SH:  0    Dex: 14    Spells: 4 memorised, 5 levels left

rFire  . . .     SeeInvis .       - Unarmed
rCold  . . .     Clarity  .     l - +0 troll leather armour (curse)
rNeg   . . .     SustAt   .     (no shield)
rPois  .         Gourm    .     v - +1 helmet
rElec  .         Spirit   .     A - +0 cloak
rCorr  .         Warding  .     (no gloves)
rMut   .         Stasis   .     o - +0 pair of boots
MR     .....                    (no amulet)
Stlth  ++........               (no ring)
                                C - +6 ring of evasion (curse)

@: very slightly contaminated, not resistant to hostile enchantments, unstealthy
A: claws 1, iridescent scales 3, powered by death 1
a: Scrying, Renounce Religion


You were on level 9 of the Dungeon.
You worshipped Ashenzari.
Ashenzari was aware of your devotion.
You were very hungry.

You visited 1 branch of the dungeon, and saw 10 of its levels.

You collected 445 gold pieces.
You spent 264 gold pieces at shops.

Inventory:

Hand Weapons
 a - a +1 blowgun
 y - a +0 halberd of freezing
Missiles
 b - 4 curare-tipped needles
 m - 52 poisoned needles
 p - 4 tomahawks (quivered)
 u - 3 throwing nets
Armour
 l - a cursed +0 troll leather armour (worn)
 o - a +0 pair of boots (worn)
 v - a +1 helmet (worn)
 A - a +0 cloak (worn)
Jewellery
 C - a cursed +6 ring of evasion (left claw)
 L - an uncursed ring of fire
Wands
 e - a wand of paralysis (11)
 g - a wand of disintegration (24)
 D - a wand of lightning (2)
 K - a wand of cold (3)
Scrolls
 d - 3 scrolls of teleportation
 n - a scroll of magic mapping
 q - a scroll of enchant armour
 w - 3 scrolls of curse jewellery
 x - a scroll of curse weapon
 M - a scroll of remove curse
Potions
 h - 4 potions of curing
 i - 4 potions of haste
 t - 2 potions of ambrosia
 z - 2 potions of might
 B - 2 potions of degeneration {unknown}
 F - 2 potions of lignification {unknown}
 J - a potion of mutation {unknown}
 N - 3 potions of poison {unknown}
 Q - a potion of heal wounds {unknown}
Books
 r - a book of Callings

   Spells                             Type                      Level
   a - Summon Small Mammal            Summoning                    1
   b - Call Imp                       Summoning                    2
   c - Call Canine Familiar           Summoning                    3
   d - Summon Guardian Golem          Hexes/Summoning              3
   e - Summon Lightning Spire         Summoning/Air                4
   f - Summon Ice Beast               Ice/Summoning                4
 E - a book of Unlife

   Spells                             Type                      Level
   a - Recall                         Summoning/Translocation      3
   b - Animate Dead                   Necromancy                   4
   c - Control Undead                 Necromancy                   4
   d - Cigotuvi's Embrace             Necromancy                   5
   e - Death Channel                  Necromancy                   6
   f - Simulacrum                     Ice/Necromancy               6
 H - a book of Flames

   Spells                             Type                      Level
   a - Flame Tongue                   Conjuration/Fire             1
   b - Throw Flame                    Conjuration/Fire             2
   c - Conjure Flame                  Conjuration/Fire             3
   d - Inner Flame                    Hexes/Fire                   3
   e - Sticky Flame                   Conjuration/Fire             4
   f - Fireball                       Conjuration/Fire             5
Miscellaneous
 s - a lamp of fire
Comestibles
 c - 3 bread rations
 f - 4 meat rations
 k - a beef jerky
 G - 2 fruits


   Skills:
 + Level 0.0 Fighting
 - Level 1.7 Dodging
 - Level 1.7 Stealth
 + Level 5.0 Unarmed Combat
 - Level 4.0 Spellcasting
 + Level 8.6 Summonings
 + Level 4.4 Ice Magic


You had 5 spell levels left.
You knew the following spells:

 Your Spells              Type           Power        Failure   Level  Hunger
a - Summon Small Mammal   Summ           ####         1%          1    None
b - Summon Ice Beast      Ice/Summ       ####....     14%         4    ####...
c - Call Canine Familiar  Summ           #####...     1%          3    ###....
d - Call Imp              Summ           #####...     1%          2    ##.....


Dungeon Overview and Level Annotations

Branches:
Dungeon (10/15)              Lair (0/8) D:8
 Temple: D:4-7          Orc: D:9-12

Altars:
Ashenzari
Cheibriados
Fedhas
Kikubaaqudgha
Makhleb
Okawaru
Qazlal
Sif Muna
Xom
Yredelemnul

Shops:
D:6 !

Annotations:
D:3 Natasha


Innate Abilities, Weirdness & Mutations

You have sharp fingernails.
You are completely covered in iridescent scales (AC +8).
You regenerate a little health from kills.


Message History

Confirm with . or Enter, or press ? or * to list all spells.
You miscast Summon Ice Beast.
Strange energies run through your body. The wyvern barely misses you.
The wyvern closely misses you.
Casting: Summon Ice Beast
Confirm with . or Enter, or press ? or * to list all spells.
A chill wind blows around you.
The wyvern bites you but does no damage.
You claw the wyvern!
The wyvern is heavily wounded.
The wyvern misses you. The wyvern bites you!
You claw the wyvern!
The wyvern is severely wounded.
Your ice beast misses the wyvern.
The wyvern bites you!
You barely miss the wyvern.
The wyvern is severely wounded.
The wyvern bites you!
* * * LOW HITPOINT WARNING * * *
Your ice beast barely misses the wyvern.
The wyvern bites you!
You die...

#Z..... #
##.......
#######
#.###.†.y....
......# #.....#
#####.# ####Z##
#.# #o# #.# #y#
#.# #####l##
###.# #...Y@.#
#...# #.###.##
#.########.###.#
#.##...........#
#....#####.#####
###..........#
.......#######
#.#...## #.#.###


You could see an orc warrior, a wyvern, a killer bee, an adder skeleton and a
friendly ice beast.

Vanquished Creatures
  A wraith (D:10)
  A black bear (D:8)
  An ogre (D:6)
  2 centaurs (D:8)
  A giant frog (D:7)
  2 scorpions
  A gnoll shaman (D:4)
  2 iguanas
  2 orc priests (D:6)
  2 worker ants (D:4)
  Robin (D:4)
  5 gnolls
  An adder (D:5)
  A shadow imp (D:8)
  An adder skeleton (D:5)
  An adder zombie (D:9)
  2 giant geckos
  2 orcs (D:6)
  A ball python (D:2)
  2 bats
  2 giant cockroaches
  A quokka (D:9)
  A giant gecko skeleton (D:7)
  2 giant newts
  A goblin (D:4)
  3 kobolds (D:10)
  A rat (D:3)
43 creatures vanquished.

Vanquished Creatures (collateral kills)
  2 hippogriffs (D:8)
  An ice beast (D:9)
  A phantom (D:8)
  4 ogres
  A sky beast (D:10)
  A centaur (D:6)
  A big kobold (D:10)
  2 giant frogs (D:8)
  2 jellies
  An electric eel (D:9)
  2 crimson imps (D:7)
  2 orc wizards
  Ijyb (D:3)
  A giant frog skeleton (D:5)
  A worker ant zombie (D:6)
  5 gnolls
  4 adders
  A worm (D:3)
  14 orcs
  3 ball pythons (D:1)
  2 giant cockroaches
  7 hobgoblins
  4 kobolds
  2 bats
  11 goblins
  A rat (D:1)
77 creatures vanquished.

Grand Total: 120 creatures vanquished

Notes
Turn   | Place    | Note
--------------------------------------------------------------
     0 | D:1      | jacquesderrida the Demonspawn Summoner began the quest for the Orb.
     0 | D:1      | Reached XP level 1. HP: 13/13 MP: 3/3
   431 | D:1      | Gained mutation: You are partially covered in iridescent scales (AC +4). [demonic ancestry]
   431 | D:1      | Reached XP level 2. HP: 16/19 MP: 1/5
   482 | D:3      | Learned a level 2 spell: Call Imp
   541 | D:3      | Found a stormy altar of Qazlal.
   544 | D:3      | Noticed Natasha
   584 | D:3      | Found a shattered altar of Ashenzari.
   610 | D:3      | Became a worshipper of Ashenzari the Shackled
   805 | D:3      | Found an iron altar of Okawaru.
   825 | D:3      | Noticed Ijyb
   837 | D:3      | Killed Ijyb
   837 | D:3      | Reached skill level 5 in Summonings
   837 | D:3      | Gained mutation: You are mostly covered in iridescent scales (AC +6). [demonic ancestry]
   837 | D:3      | Reached XP level 3. HP: 7/24 MP: 1/6
   871 | D:3      | Learned a level 3 spell: Call Canine Familiar
  1097 | D:4      | Noticed Robin
  1145 | D:4      | Found a deep blue altar of Sif Muna.
  1166 | D:4      | Killed Robin
  1204 | D:4      | Gained mutation: You are completely covered in iridescent scales (AC +8). [demonic ancestry]
  1204 | D:4      | Reached XP level 4. HP: 15/30 MP: 1/7
  1294 | D:4      | Found a shimmering altar of Xom.
  1446 | D:4      | Reached XP level 5. HP: 35/35 MP: 1/9
  1459 | D:4      | Reached skill level 6 in Summonings
  1535 | D:5      | Entered Level 5 of the Dungeon
  1537 | D:5      | Found a snail-covered altar of Cheibriados.
  1855 | D:5      | Gained mutation: You have sharp fingernails. [demonic ancestry]
  1855 | D:5      | Reached XP level 6. HP: 17/41 MP: 1/11
  1908 | D:5      | Found a shattered altar of Ashenzari.
  2009 | D:6      | Reached skill level 1 in Unarmed Combat
  2091 | D:6      | Found an ancient bone altar of Kikubaaqudgha.
  2205 | D:6      | Found a burning altar of Makhleb.
  2338 | D:6      | Learned a level 4 spell: Summon Ice Beast
  2452 | D:6      | Found a basalt altar of Yredelemnul.
  2465 | D:6      | Found Unues's Distillery.
  2468 | D:6      | Gained mutation: You regenerate a little health from kills. [demonic ancestry]
  2468 | D:6      | Reached XP level 7. HP: 46/46 MP: 13/13
  2478 | D:6      | Reached skill level 7 in Summonings
  2478 | D:6      | Reached skill level 1 in Ice Magic
  2482 | D:6      | Bought a potion of haste for 120 gold pieces
  2482 | D:6      | Bought a potion of might for 48 gold pieces
  2482 | D:6      | Bought a potion of ambrosia for 96 gold pieces
  2638 | D:8      | Found a blossoming altar of Fedhas.
  2685 | D:8      | Found a staircase to the Lair.
  2808 | D:8      | Reached XP level 8. HP: 39/52 MP: 14/14
  2884 | D:8      | Reached skill level 8 in Summonings
  3105 | D:9      | Reached * piety under Ashenzari
  3271 | D:10     | Entered Level 10 of the Dungeon
  3452 | D:9      | Reached skill level 5 in Unarmed Combat
  3540 | D:9      | Slain by a wyvern

Action                   |  1- 3 |  4- 6 |  7- 9 || total
-------------------------+-------+-------+-------++-------
Melee: Dagger            |    28 |       |       ||    28
       Club              |     2 |    52 |    19 ||    73
       Unarmed           |       |       |   162 ||   162
 Fire: Blowgun           |     6 |    25 |       ||    31
Throw: Tomahawk          |     1 |       |       ||     1
 Cast: Summon Small Mamm |    18 |       |       ||    18
       Call Imp          |    13 |     4 |       ||    17
       Call Canine Famil |     5 |    20 |     7 ||    32
       Summon Ice Beast  |       |       |     6 ||     6
Evoke: Wand              |       |     3 |       ||     3
  Use: Scroll            |       |     7 |     6 ||    13
       Potion            |       |     1 |       ||     1
 Stab: Sleeping          |     3 |     3 |     3 ||     9
       Distracted        |       |     1 |     2 ||     3
  Eat: Chunk             |     2 |     7 |     3 ||    12
       Pizza             |       |       |     1 ||     1
